 Dungeon Crawl Stone Soup version 0.16-a0-1858-gba9b1e2 (webtiles) character file.

16 RobertPalmer the Insei (level 2, 0/21 HPs)
             Began as a Demonspawn Transmuter on Nov 4, 2014.
             Succumbed to an adder's poison
             ... on level 1 of the Dungeon.
             The game lasted 00:01:05 (1159 turns).

RobertPalmer the Insei (Demonspawn Transmuter)      Turns: 1159, Time: 00:01:05

Health: 0/21       AC:  2    Str: 15    XL:     2   Next: 37%
Magic:  3/4        EV: 12    Int: 14    God:
Gold:   45         SH:  0    Dex: 13    Spells: 1 memorised, 4 levels left

rFire  . . .     SeeInvis .       - Unarmed
rCold  . . .     Clarity  .     c - +0 robe
rNeg   . . .     SustAb   .     (no shield)
rPois  .         Gourm    .     (no helmet)
rElec  .         Spirit   .     (no cloak)
rCorr  .         Warding  .     (no gloves)
rMut   .         Stasis   .     (no boots)
MR     .....                    (no amulet)
Stlth  +.........               (no ring)
                                (no ring)

@: mighty, lethally poisoned, very slightly contaminated, hasted, very quick,
not resistant to hostile enchantments, very unstealthy
A: rot immunity
a: no special abilities


You were on level 1 of the Dungeon.
You were hungry.

You visited 1 branch of the dungeon, and saw 1 of its levels.

You collected 45 gold pieces.


Innate Abilities, Weirdness & Mutations

You are immune to rotting.


   Skills:
 - Level 1.0 Fighting
 - Level 1.7 Dodging
 + Level 3.4 Unarmed Combat
 - Level 2.0 Spellcasting
 - Level 1.7 Transmutations


You had 4 spell levels left.
You knew the following spells:

 Your Spells              Type           Power        Failure   Level  Hunger
z - Beastly Appendage     Trmt           #.....       14%         1    ##.....

Inventory:

Missiles
 b - 62 arrows
Armour
 c - a +0 robe (worn)
Scrolls
 h - 2 scrolls of identify {unknown}
 i - a scroll of magic mapping {unknown}
 k - a scroll of random uselessness {unknown}
Books
 d - a book of Changes
Comestibles
 a - a bread ration
 f - a meat ration
 g - a beef jerky

Dungeon Overview and Level Annotations

Branches:
Dungeon (1/15)

Altars:
Nemelex Xobeh

####.#.# #.###########.#.........
..##.#.# #.....................#.
<.##.#.# ##....###############.#.
..##.#.# #....# #.#. ####.#.#
#....# #.#. #.##.#.# #†...# #.#.
#.##.#.# #....# #########.#.
#.##.#.####....#######.........#.
#.##...........S@......#########.
#.##.#.####)..[#################.
#.##.#....+....# #...........
#.##.#.####....# #.##########
#.##.#.####....# #.#
#.##........#'## #.#
#.......###.#.# #.#
#.......+...#.# #.#
#.†.....#####.# #.#


You could see an adder.


Message History

You are poisoned.
The adder poisons you!
You closely miss the adder.
You feel sick. The adder bites you but does no damage.
The adder barely misses you.
You closely miss the adder. The adder closely misses you.
You hit the adder.
The adder is moderately wounded.
You feel sick. The adder bites you.
You are lethally poisoned!
The adder poisons you!
You miss the adder.
The adder is moderately wounded.
* * * LOW HITPOINT WARNING * * *
You feel sick. The adder bites you.
* * * LOW HITPOINT WARNING * * *
You completely miss the adder.
The adder is moderately wounded.
* * * LOW HITPOINT WARNING * * *
You feel sick. The adder barely misses you. The adder bites you.
* * * LOW HITPOINT WARNING * * *
You are more poisoned.
The adder poisons you!
Drink which item? (? for menu, Esc to quit)
You feel yourself speed up.
It was a potion of haste.
* * * LOW HITPOINT WARNING * * *
You feel sick. The adder misses you.
Drink which item? (? for menu, Esc to quit)
You feel very mighty all of a sudden.
It was a potion of might.
You die...

Action                   || total
-------------------------++-------
Melee: Unarmed           ||    70
 Cast: Beastly Appendage ||     5
  Use: Potion            ||     2

Vault maps used:
D:1:      dpeg_arrival_simpleton_b, minmay_misc_feat_tiny,
          nemelex_xobeh_ov_fountains_minmay

Notes
Turn   | Place    | Note
--------------------------------------------------------------
     0 | D:1      | RobertPalmer, the Demonspawn Transmuter, began the quest for the Orb.
     0 | D:1      | Reached XP level 1. HP: 15/15 MP: 3/3
    72 | D:1      | Reached skill level 3 in Unarmed Combat
   436 | D:1      | Gained mutation: You are immune to rotting. [demonic ancestry]
   436 | D:1      | Reached XP level 2. HP: 18/21 MP: 4/4
   450 | D:1      | HP: 2/21 [goblin/club (6)]
  1074 | D:1      | Found a sparkling altar of Nemelex Xobeh.
  1157 | D:1      | HP: 2/21 [adder (5)]
  1159 | D:1      | Succumbed to an adder's poison

Vanquished Creatures
  2 giant geckos (D:1)
  3 bats (D:1)
  A hobgoblin (D:1)
  2 giant newts (D:1)
  2 goblins (D:1)
  5 kobolds (D:1)
  3 rats (D:1)
18 creatures vanquished.
